[Event "TUR-chT Superleague 2018"]
[Site "Ankara"]
[Date "2018.07.29"]
[Round "5"]
[White "Atalik, Ekaterina"]
[Black "Mammadzada, Gunay"]
[Result "0-1"]
[ECO "D11"]
[WhiteElo "2461"]
[BlackElo "2426"]
[Annotator "ChessBase"]
[PlyCount "102"]
[EventDate "2018.07.25"]
[EventType "team-tourn"]
[EventCountry "TUR"]
[SourceTitle "playchess.com"]
[Source "ChessBase"]
[SourceQuality "1"]
[TimeControl "40/5400+30:1800+30"]

1. d4 d5 2. c4 c6 3. Nf3 Nf6 4. g3 dxc4 5. Bg2 Nbd7 6. a4 a5 7. O-O g6 8. Qc2 Nb6 9. e4 Bg7 10. Na3 O-O 11. Rd1 Be6 12. Be3 Ne8 13. Ng5 Bg4 14. f3 Bd7 15. Nxc4 Nxc4 16. Qxc4 Nd6 17. Qe2 h6 18. Nh3 Be6 19. Bf2 Bb3 20. Rdc1 Qb6 21. e5 Nf5 22. d5 Nd4 23. Qe4 c5 24. Nf4 Rfd8 25. h4 g5 26. hxg5 hxg5 27. Bxd4 cxd4 28. Nd3 Bxd5 29. Qf5 Qh6 30. Rc7 g4 31. Re1 Be6 32. Qe4 gxf3 33. Qxf3 Rac8 34. Rxc8 Rxc8 35. Nf4 b6 36. Qb7 Rc2 37. Qe4 Rxb2 38. Qxd4 Rb4 39. Qd8+ Bf8 40. Rf1 Rb2 41. Qd3 Rb3 42. Qe4 Rxg3 43. Nxe6 Qxe6 44. Rc1 Rg4 45. Qe2 Rg5 46. Re1 Bg7 47. Qd2 Rxe5 48. Qd8+ Kh7 49. Qd3+ Qg6 50. Qh3+ Rh5 51. Qd7 Rh4 0-1

[Event "TUR-chT Superleague 2018"]
[Site "Ankara"]
[Date "2018.07.29"]
[Round "5"]
[White "Badelka, Olga"]
[Black "Nechaeva, Marina"]
[Result "1-0"]
[ECO "D52"]
[WhiteElo "2407"]
[BlackElo "2410"]
[Annotator "NA"]
[PlyCount "117"]
[EventDate "2018.07.25"]
[EventType "team-tourn"]
[EventCountry "TUR"]
[SourceTitle "playchess.com"]
[Source "ChessBase"]
[SourceQuality "1"]
[TimeControl "40/5400+30:1800+30"]

1. d4 d5 2. c4 c6 3. Nf3 Nf6 4. Nc3 e6 5. Bg5 Nbd7 6. e3 Qa5 7. cxd5 Nxd5 8. Qd2 b6 9. e4 Nxc3 10. bxc3 h6 11. Bh4 Ba6 12. Bxa6 Qxa6 13. Qe2 Qxe2+ 14. Kxe2 Be7 15. Bg3 Nf6 16. Nd2 c5 17. f3 Nh5 18. a4 $11 Nxg3+ 19. hxg3 cxd4 20. cxd4 O-O-O 21. Ke3 Kb7 22. Nc4 Rc8 23. Rhc1 Rc7 24. Ne5 Rxc1 25. Rxc1 Rf8 26. f4 Bd6 27. Nc4 Be7 28. Rb1 Rc8 29. Kd3 Ka6 30. Ne5 f6 31. Nc4 Rd8 32. Kc3 Rd7 33. g4 g6 34. Rb5 Rd8 35. Rb1 Rg8 36. Rh1 h5 37. Ne3 e5 38. fxe5 fxe5 39. dxe5 Bc5 40. Nd5 Ka5 41. Kb3 b5 42. axb5 Kxb5 43. e6 Kc6 44. gxh5 gxh5 45. Rxh5 Rxg2 46. e7 Rg8 47. Rh6+ Kb7 48. Nf6 Rg3+ 49. Kc4 Bxe7 50. Rh7 Kc6 51. Rxe7 Ra3 52. Re6+ Kc7 53. e5 Ra1 54. Nd5+ Kd8 55. Rh6 Rc1+ 56. Kd4 Rd1+ 57. Ke4 Re1+ 58. Kf5 Kd7 59. Rd6+ 1-0

[Event "TUR-chT Superleague 2018"]
[Site "Ankara"]
[Date "2018.07.29"]
[Round "5"]
[White "Kerigan, Demre"]
[Black "Sanal, Vahap"]
[Result "1-0"]
[ECO "C07"]
[WhiteElo "2366"]
[BlackElo "2515"]
[Annotator "ChessBase"]
[PlyCount "95"]
[EventDate "2018.07.25"]
[EventType "team-tourn"]
[EventCountry "TUR"]
[SourceTitle "playchess.com"]
[Source "ChessBase"]
[SourceQuality "1"]
[TimeControl "40/5400+30:1800+30"]

1. e4 e6 2. d4 d5 3. Nd2 c5 4. exd5 Qxd5 5. Ngf3 cxd4 6. Bc4 Qd8 7. O-O Nc6 8. Qe2 a6 9. a4 Bd6 10. Nb3 Qc7 11. Rd1 Ne5 12. Nxe5 Bxe5 13. Nxd4 Bxh2+ 14. Kh1 Be5 15. Ra3 Ne7 16. Rc3 Nc6 17. Nxc6 bxc6 18. Rcd3 O-O 19. Bg5 Bxb2 20. c3 Ba3 21. Bd8 Qf4 22. Rf3 Qb8 23. Bf6 gxf6 24. Rg3+ Qxg3 25. fxg3 Be7 26. Qg4+ Kh8 27. Qe4 Kg7 28. g4 h6 29. Qxc6 Rb8 30. Bxa6 Bxa6 31. Qxa6 Bc5 32. Qc6 Rfc8 33. Qe4 Bb6 34. c4 Bc7 35. Rb1 Ra8 36. c5 Ra5 37. Rb5 Ra6 38. Rb7 Kg8 39. g3 Bxg3 40. Qd3 Rxa4 41. Qd7 Ra1+ 42. Kg2 Rf8 43. Kxg3 Ra3+ 44. Kh4 h5 45. c6 hxg4 46. c7 Raa8 47. Qb5 Rac8 48. Qb6 1-0

[Event "TUR-chT Superleague 2018"]
[Site "Ankara"]
[Date "2018.07.29"]
[Round "5"]
[White "Szczepkowska, Karina"]
[Black "Ozturk, Kubra"]
[Result "0-1"]
[ECO "C45"]
[WhiteElo "2356"]
[BlackElo "2330"]
[Annotator "NA"]
[PlyCount "54"]
[EventDate "2018.07.25"]
[EventType "team-tourn"]
[EventCountry "TUR"]
[SourceTitle "playchess.com"]
[Source "ChessBase"]
[SourceQuality "1"]
[TimeControl "40/5400+30:1800+30"]

1. e4 e5 2. Nf3 Nc6 3. d4 exd4 4. Nxd4 Bc5 5. Nb3 {[%emt 0:00:00] LiveBook: 1191 Partien} (5. Be3 $5 Qf6 6. c3 $11) 5... Bb6 6. Nc3 Nf6 7. Qe2 d6 8. Be3 O-O 9. O-O-O Bxe3+ 10. Qxe3 Qe7 11. f3 a5 $14 12. g4 a4 13. Nd4 a3 14. b3 Qe5 15. Ndb5 Be6 16. f4 Nxg4 17. Qg3 Qc5 18. f5 Ne3 19. Rd3 Nxf1 20. Rxf1 Nb4 21. Rdd1 Bd7 22. f6 g6 23. Kb1 Bxb5 24. Rf5 d5 25. Rdxd5 Nxd5 26. Nxd5 Qd4 27. Nc3 Rfd8 0-1

[Event "TUR-chT Superleague 2018"]
[Site "Ankara"]
[Date "2018.07.29"]
[Round "5"]
[White "Unuk, Laura"]
[Black "Buksa, Nataliya"]
[Result "0-1"]
[ECO "A45"]
[WhiteElo "2355"]
[BlackElo "2337"]
[Annotator "NA"]
[PlyCount "72"]
[EventDate "2018.07.25"]
[EventType "team-tourn"]
[EventCountry "TUR"]
[SourceTitle "playchess.com"]
[Source "ChessBase"]
[SourceQuality "1"]
[TimeControl "40/5400+30:1800+30"]

1. d4 Nf6 2. Bg5 Ne4 3. h4 d5 4. e3 Qd6 5. c3 Nxg5 6. hxg5 Bf5 $14 7. Nd2 Nc6 8. Ngf3 g6 9. Qa4 Bg7 10. b4 O-O 11. b5 Nd8 12. c4 dxc4 13. Bxc4 c6 14. Rd1 Be6 15. bxc6 Qxc6 16. Bb5 Qd5 17. Bc4 Qd7 18. Bb5 Qd5 19. Nb3 Rc8 20. Bd3 Qc6 21. Qb4 Qd6 22. Qd2 Bxb3 23. axb3 Nc6 24. Bc4 a6 25. e4 b5 26. Be2 Rfd8 27. Kf1 Nxd4 28. Qe3 Qb4 29. Nxd4 Rxd4 30. Qh3 Rxd1+ 31. Bxd1 Rd8 32. Be2 Qxe4 33. g3 Rd2 34. Bg4 Rb2 35. Bd1 Rb1 36. Qc8+ Bf8 0-1

[Event "TUR-chT Superleague 2018"]
[Site "Ankara"]
[Date "2018.07.29"]
[Round "5"]
[White "Apaydin, Fethi"]
[Black "Uysal, Burak"]
[Result "0-1"]
[ECO "C27"]
[WhiteElo "2353"]
[BlackElo "2185"]
[Annotator "NA"]
[PlyCount "62"]
[EventDate "2018.07.25"]
[EventType "team-tourn"]
[EventCountry "TUR"]
[SourceTitle "playchess.com"]
[Source "ChessBase"]
[SourceQuality "1"]
[TimeControl "40/5400+30:1800+30"]

1. e4 e5 2. Nc3 Nf6 3. Bc4 Nxe4 4. Qh5 Nd6 5. Bb3 Be7 6. Nf3 Nc6 7. Nxe5 g6 8. Qe2 Nd4 9. Qd1 O-O $15 10. O-O c6 11. Re1 N6f5 12. Ne2 d6 13. Ng4 h5 14. Nh6+ Nxh6 15. Nxd4 d5 16. Nf3 Bg4 17. h3 Bxf3 18. Qxf3 Bg5 19. d4 Bxc1 20. Raxc1 Qg5 21. Rcd1 Nf5 22. Kh2 Rae8 23. c3 Re6 24. g3 Rfe8 25. Rxe6 Rxe6 26. Bc2 Nd6 27. Kg2 Qe7 28. Bd3 h4 29. Rd2 hxg3 30. Qxg3 Ne8 31. Qf3 Qg5+ 0-1

[Event "TUR-chT Superleague 2018"]
[Site "Ankara"]
[Date "2018.07.29"]
[Round "5"]
[White "Savina, Anastasia"]
[Black "Injac, Teodora"]
[Result "0-1"]
[ECO "E90"]
[WhiteElo "2342"]
[BlackElo "2302"]
[Annotator "NA"]
[PlyCount "56"]
[EventDate "2018.07.25"]
[EventType "team-tourn"]
[EventCountry "TUR"]
[SourceTitle "playchess.com"]
[Source "ChessBase"]
[SourceQuality "1"]
[TimeControl "40/5400+30:1800+30"]

1. d4 Nf6 2. c4 g6 3. Nc3 Bg7 4. e4 d6 5. h3 O-O {[%emt 0:00:00] LiveBook: 3090 Games} 6. Be3 c5 7. Nf3 Na6 8. d5 e6 9. Bd3 exd5 10. exd5 Nb4 11. Bb1 b5 12. a3 Qa5 $15 13. Nd2 bxc4 14. Nxc4 Qa6 15. axb4 Qxa1 16. b5 Nd7 17. O-O Nb6 18. Nxd6 Qxb2 19. Nce4 c4 20. Re1 f5 21. Ng5 Qb4 22. Nxc8 Raxc8 23. d6 Rcd8 24. Bf4 Rfe8 25. Ne6 Nd5 26. Bh2 f4 27. Be4 Nc3 28. Qa1 Ne2+ 0-1

[Event "TUR-chT Superleague 2018"]
[Site "Ankara"]
[Date "2018.07.29"]
[Round "5"]
[White "Kilic, Efe Mert"]
[Black "Yaran, Siar"]
[Result "1-0"]
[ECO "C41"]
[WhiteElo "2317"]
[BlackElo "2261"]
[Annotator "NA"]
[PlyCount "105"]
[EventDate "2018.07.25"]
[EventType "team-tourn"]
[EventCountry "TUR"]
[SourceTitle "playchess.com"]
[Source "ChessBase"]
[SourceQuality "1"]
[TimeControl "40/5400+30:1800+30"]

1. e4 e5 2. Nf3 Nc6 3. d4 exd4 4. Nxd4 g6 5. Nc3 Bg7 6. Nxc6 bxc6 7. Bc4 d6 8. O-O Be6 9. Qd3 Ne7 10. Bxe6 fxe6 11. Qh3 Qd7 12. Bh6 O-O 13. Bxg7 Kxg7 14. Rad1 Qc8 15. e5 d5 16. Na4 $16 Rf4 17. Nc5 Nf5 18. b3 Rb8 19. g3 Rf3 20. Nd3 Qf8 21. Qg4 Rxd3 22. Rxd3 Qa3 23. Qg5 Rf8 24. g4 h6 25. Qc1 Qxc1 26. Rxc1 Nh4 27. h3 c5 28. Rc3 c4 29. bxc4 d4 30. Ra3 Nf3+ 31. Kg2 Nxe5 32. Rxa7 Rf7 33. Rb1 d3 34. cxd3 Nxd3 35. f3 Nf4+ 36. Kh2 Rd7 37. Rbb7 Rd2+ 38. Kg3 g5 39. Rxc7+ Kg6 40. Rg7+ Kf6 41. Rgf7+ Kg6 42. Rxf4 gxf4+ 43. Kxf4 Rd4+ 44. Ke5 Rxc4 45. f4 Rc3 46. f5+ exf5 47. gxf5+ Kh5 48. f6 Re3+ 49. Kf4 Re2 50. Kf5 Re3 51. Ra4 Rc3 52. f7 Rc6 53. Ra5 1-0

[Event "TUR-chT Superleague 2018"]
[Site "Ankara"]
[Date "2018.07.29"]
[Round "5"]
[White "Keler, Faruk"]
[Black "Soysal, Serkan"]
[Result "1/2-1/2"]
[ECO "C70"]
[WhiteElo "2286"]
[BlackElo "2406"]
[Annotator "NA"]
[PlyCount "72"]
[EventDate "2018.07.25"]
[EventType "team-tourn"]
[EventCountry "TUR"]
[SourceTitle "playchess.com"]
[Source "ChessBase"]
[SourceQuality "1"]
[TimeControl "40/5400+30:1800+30"]

1. e4 e5 2. Nf3 Nc6 3. Bb5 a6 4. Ba4 g6 5. d4 exd4 6. Bg5 Be7 7. Bxe7 {[%emt 0:00:30] LiveBook: 29 Games} Qxe7 8. Bxc6 bxc6 (8... dxc6 $11 9. Qxd4 Nf6) 9. Qxd4 $16 Nf6 10. Nc3 O-O 11. e5 Nd5 12. Nxd5 cxd5 13. Qxd5 Qb4+ 14. Qd2 Qxb2 15. O-O Rb8 16. Qh6 f6 17. Rad1 d6 18. exd6 cxd6 19. Rxd6 Qxc2 20. Rd2 Qc7 21. h3 Be6 22. Re1 Rfe8 23. Rde2 Bf7 24. Rxe8+ Rxe8 25. Rxe8+ Bxe8 26. Qe3 Bf7 27. a3 Qd6 28. Qc3 Qd1+ 29. Kh2 Qd6+ 30. Kg1 Kg7 31. Qe3 a5 32. Qc3 a4 33. Nd4 h5 34. Nb5 Qd1+ 35. Kh2 Qe2 36. Qc5 h4 1/2-1/2

[Event "TUR-chT Superleague 2018"]
[Site "Ankara"]
[Date "2018.07.29"]
[Round "5"]
[White "Tasdogen, Dincer"]
[Black "Gunduz, Umut Erdem"]
[Result "1-0"]
[ECO "A05"]
[WhiteElo "2280"]
[BlackElo "2130"]
[Annotator "NA"]
[PlyCount "103"]
[EventDate "2018.07.25"]
[EventType "team-tourn"]
[EventCountry "TUR"]
[SourceTitle "playchess.com"]
[Source "ChessBase"]
[SourceQuality "1"]
[TimeControl "40/5400+30:1800+30"]

1. Nf3 Nf6 2. g3 b5 3. Bg2 Bb7 4. O-O e6 5. d3 Be7 6. e4 d6 7. Nd4 Qd7 8. f4 c5 9. Nf3 Nc6 10. Nc3 a6 11. h3 Qc7 12. Ne2 d5 13. e5 Nd7 14. c3 d4 15. cxd4 Nxd4 16. Nexd4 cxd4 17. Bd2 Nc5 18. Rc1 Qd7 19. Bb4 Nxd3 20. Qxd3 Bxb4 21. Nxd4 Bxg2 22. Kxg2 O-O 23. Rfd1 Qd5+ 24. Qf3 Qxa2 25. Rc2 Rfe8 26. Nc6 a5 27. Rd7 Qb1 28. Qe2 Qe1 29. Qxe1 Bxe1 30. Rc5 g6 31. Rd1 Bb4 32. Rxb5 Rec8 33. Rc1 Rc7 34. Rc4 Bf8 35. b3 Ra6 36. Nxa5 Rca7 37. Ra4 Kg7 38. Rb7 Ra8 39. Nc6 Rxa4 40. bxa4 Rxa4 41. Nd8 Ra2+ 42. Kf1 Ra1+ 43. Ke2 Ra2+ 44. Kf3 Ra3+ 45. Ke4 Ra4+ 46. Kf3 Ra3+ 47. Kg4 h5+ 48. Kh4 Kg8 49. Nxf7 Bc5 50. Ng5 Bf2 51. Ne4 Be1 52. Kg5 1-0

[Event "TUR-chT Superleague 2018"]
[Site "Ankara"]
[Date "2018.07.29"]
[Round "5"]
[White "Uzumcu, Ahmet Utku"]
[Black "Can, Isik"]
[Result "0-1"]
[ECO "B90"]
[WhiteElo "2261"]
[BlackElo "2385"]
[Annotator "NA"]
[PlyCount "50"]
[EventDate "2018.07.25"]
[EventType "team-tourn"]
[EventCountry "TUR"]
[SourceTitle "playchess.com"]
[Source "ChessBase"]
[SourceQuality "1"]
[TimeControl "40/5400+30:1800+30"]

1. e4 c5 2. Nf3 d6 3. d4 cxd4 4. Nxd4 Nf6 5. Nc3 a6 6. h3 {[%emt 0:00:00] LiveBook: 3140 Games} e5 7. Nde2 b5 8. g4 b4 9. Nd5 Nxd5 10. Qxd5 Ra7 11. Be3 Rd7 12. c4 Bb7 13. Qd3 $11 Be7 14. Ng3 g6 15. Bg2 Bg5 16. O-O Nc6 17. Rfd1 O-O 18. Rac1 Nd4 19. Qd2 h6 20. Qxb4 f5 21. f4 exf4 22. Bxd4 fxg3 23. Rc3 Bxe4 24. gxf5 Bxg2 25. Kxg2 Qe7 0-1

[Event "TUR-chT Superleague 2018"]
[Site "Ankara"]
[Date "2018.07.29"]
[Round "5"]
[White "Kamer, Kayra"]
[Black "Isik, Alparslan"]
[Result "0-1"]
[ECO "B23"]
[WhiteElo "2181"]
[BlackElo "2212"]
[Annotator "NA"]
[PlyCount "128"]
[EventDate "2018.07.25"]
[EventType "team-tourn"]
[EventCountry "TUR"]
[SourceTitle "playchess.com"]
[Source "ChessBase"]
[SourceQuality "1"]
[TimeControl "40/5400+30:1800+30"]

1. e4 c5 2. Nc3 a6 3. Nge2 d6 4. a4 g6 5. g3 Bg7 6. Bg2 Nc6 7. d3 Rb8 8. Bg5 b5 9. axb5 axb5 10. Qd2 Nd4 11. O-O Nf6 12. Nxd4 cxd4 13. Bxf6 Bxf6 14. Nd5 Bg7 15. Nb4 $11 Bb7 16. f4 O-O 17. f5 e6 18. Qf4 Be5 19. Qh6 Ra8 20. Rxa8 Bxa8 21. Bh3 Bg7 22. Qf4 exf5 23. exf5 Qc8 24. Bg4 Qc5 25. f6 Bh8 26. Qd2 Qe5 27. Qf2 Qc5 28. Qe1 Qg5 29. Bf3 Bxf3 30. Rxf3 Bxf6 31. h4 Qe5 32. Qf2 Bg7 33. Nc6 Qe6 34. Nxd4 Qd5 35. Rf4 Be5 36. c4 bxc4 37. dxc4 Qxc4 38. Rg4 f5 39. Nxf5 Qc1+ 40. Kh2 Kh8 41. Rg5 Qc8 42. b4 Rxf5 43. Rxf5 Qxf5 44. Qb6 Kg7 45. b5 Qc2+ 46. Kh3 Qc4 47. Qa7+ Kg8 48. Qa8+ Kg7 49. Qa7+ Kf6 50. Qf2+ Ke6 51. b6 Qb3 52. Kg4 Qd1+ 53. Kh3 Qh1+ 54. Kg4 Qe4+ 55. Kg5 Qf5+ 56. Qxf5+ gxf5 57. Kh6 d5 58. Kxh7 d4 59. Kg6 d3 60. h5 d2 61. h6 d1=Q 62. b7 Qg4+ 63. Kh7 Kf7 64. b8=Q Bxb8 0-1

[Event "TUR-chT Superleague 2018"]
[Site "Ankara"]
[Date "2018.07.29"]
[Round "5"]
[White "Ozkan, Ervin"]
[Black "Ozoglu, Berker"]
[Result "1-0"]
[ECO "A48"]
[WhiteElo "2171"]
[BlackElo "1843"]
[Annotator "NA"]
[PlyCount "89"]
[EventDate "2018.07.25"]
[EventType "team-tourn"]
[EventCountry "TUR"]
[SourceTitle "playchess.com"]
[Source "ChessBase"]
[SourceQuality "1"]
[TimeControl "40/5400+30:1800+30"]

1. d4 Nf6 2. Bf4 d6 3. h3 g6 4. Nf3 Bg7 5. e3 O-O 6. Be2 Nbd7 7. O-O Re8 8. Bh2 c6 9. c4 Ne4 10. Qc2 $11 f5 11. Rd1 Ndf6 12. Nc3 e6 13. Bd3 d5 14. b4 Qe7 15. Rab1 Nxc3 16. Qxc3 Ne4 17. Bxe4 dxe4 18. Ne5 g5 19. c5 Rf8 20. Nc4 Qf7 21. Nd6 Qh5 22. Qb3 Bd7 23. Rd2 g4 24. Qd1 Qg6 25. hxg4 Bh6 26. Be5 f4 27. exf4 Bxf4 28. Re2 Bxe5 29. dxe5 Rf4 30. Qe1 Rxg4 31. g3 a5 32. Nxe4 Kh8 33. Nf6 Rd4 34. Rd1 Rxd1 35. Qxd1 Be8 36. Re4 Qf5 37. Qd6 Bg6 38. Qe7 Qf3 39. Rd4 Qc3 40. Rd8+ Rxd8 41. Qxd8+ Kg7 42. Qe7+ Bf7 43. Nh5+ Kh6 44. Qxf7 axb4 45. Nf6 1-0

[Event "TUR-chT Superleague 2018"]
[Site "Ankara"]
[Date "2018.07.29"]
[Round "5"]
[White "Ererdem, Gani Eren"]
[Black "Secer, Ata"]
[Result "0-1"]
[ECO "D79"]
[WhiteElo "2157"]
[BlackElo "2320"]
[Annotator "NA"]
[PlyCount "90"]
[EventDate "2018.07.25"]
[EventType "team-tourn"]
[EventCountry "TUR"]
[SourceTitle "playchess.com"]
[Source "ChessBase"]
[SourceQuality "1"]
[TimeControl "40/5400+30:1800+30"]

1. d4 Nf6 2. c4 g6 3. g3 c6 4. Nf3 Bg7 5. Bg2 O-O 6. O-O d5 7. cxd5 cxd5 8. Ne5 e6 9. Nc3 {[%emt 0:01:30] LiveBook: 1139 Games} Nfd7 $11 10. Nf3 Nc6 11. b3 Nf6 12. e3 Ne4 13. Nxe4 dxe4 14. Nd2 e5 15. d5 Qxd5 16. Nxe4 Qa5 17. Bd2 Qa3 18. Qc1 Qe7 19. Qc5 Rd8 20. Qxe7 Nxe7 21. Ba5 b6 22. Bb4 Nd5 23. Ba3 f5 24. Nc3 Nxc3 25. Bxa8 Ba6 26. Bg2 e4 27. Rfe1 Ne2+ 28. Kh1 Bxa1 29. Rxa1 Rd2 30. h4 Bd3 31. Bb4 Rc2 32. g4 fxg4 33. Bd6 Kf7 34. Bb8 a6 35. Ba7 b5 36. Kh2 Nc1 37. Kg3 h5 38. a4 b4 39. Bh1 Ne2+ 40. Kh2 g3+ 41. Kg2 gxf2 42. Kxf2 Ke6 43. Bb6 Kf5 44. Ba5 Kg4 45. Bxb4 Nf4+ 0-1

[Event "TUR-chT Superleague 2018"]
[Site "Ankara"]
[Date "2018.07.29"]
[Round "5"]
[White "Tarlabasi, Emirhan"]
[Black "Unat, Can Haktan"]
[Result "1/2-1/2"]
[ECO "D86"]
[WhiteElo "2117"]
[BlackElo "2047"]
[Annotator "NA"]
[PlyCount "78"]
[EventDate "2018.07.25"]
[EventType "team-tourn"]
[EventCountry "TUR"]
[SourceTitle "playchess.com"]
[Source "ChessBase"]
[SourceQuality "1"]
[TimeControl "40/5400+30:1800+30"]

1. d4 Nf6 2. c4 g6 3. Nc3 d5 4. cxd5 Nxd5 5. e4 Nxc3 6. bxc3 Bg7 7. Bc4 O-O 8. Ne2 Nc6 9. Be3 b6 10. h4 e5 11. Bd5 Bb7 12. h5 Na5 13. Bxb7 Nxb7 $14 14. hxg6 hxg6 15. Qc1 Re8 16. Bh6 Bf6 17. d5 c6 18. c4 Nd6 19. Qc2 Rc8 20. Qd3 cxd5 21. cxd5 Qd7 22. Qf3 Bg7 23. Qe3 f6 24. Bxg7 Qxg7 25. g4 Rc4 26. f3 Rec8 27. Kf2 Rc2 28. Rac1 Nb5 29. Kg3 Nd4 30. Rxc2 Nxc2 31. Qb3 Qd7 32. Rc1 Nd4 33. Rxc8+ Qxc8 34. Nxd4 exd4 35. d6+ Kg7 36. Qd5 Qc3 37. d7 Qe1+ 38. Kh3 Qh1+ 39. Kg3 Qg1+ 1/2-1/2

[Event "TUR-chT Superleague 2018"]
[Site "Ankara"]
[Date "2018.07.29"]
[Round "5"]
[White "Caglar, Ahmet Ata"]
[Black "Samani, Yamac"]
[Result "1/2-1/2"]
[ECO "D23"]
[WhiteElo "2097"]
[BlackElo "2227"]
[Annotator "NA"]
[PlyCount "60"]
[EventDate "2018.07.25"]
[EventType "team-tourn"]
[EventCountry "TUR"]
[SourceTitle "playchess.com"]
[Source "ChessBase"]
[SourceQuality "1"]
[TimeControl "40/5400+30:1800+30"]

1. d4 d5 2. c4 c6 3. Nf3 Nf6 4. g3 dxc4 5. Bg2 Bg4 6. O-O Nbd7 7. Qc2 e6 8. Qxc4 Be7 9. Nc3 O-O 10. Ne5 Bh5 11. Qb3 Qb6 $11 12. Qxb6 axb6 13. Bg5 Bb4 14. Nxd7 Nxd7 15. e4 h6 16. Be3 Bxc3 17. bxc3 Be2 18. Rfb1 Ra3 19. d5 c5 20. e5 Rxc3 21. dxe6 fxe6 22. Bxb7 Bf3 23. Bxf3 Rxf3 24. a4 Rf5 25. a5 bxa5 26. Rb7 Rd3 27. Rxa5 Rxe5 28. Rc7 Red5 29. Bxc5 Rc3 30. Bd6 Rxc7 1/2-1/2

[Event "TUR-chT Superleague 2018"]
[Site "Ankara"]
[Date "2018.07.29"]
[Round "5"]
[White "Gulbeyaz, Emir"]
[Black "Sari, Yasin"]
[Result "1/2-1/2"]
[ECO "C28"]
[WhiteElo "2074"]
[BlackElo "2330"]
[Annotator "NA"]
[PlyCount "91"]
[EventDate "2018.07.25"]
[EventType "team-tourn"]
[EventCountry "TUR"]
[SourceTitle "playchess.com"]
[Source "ChessBase"]
[SourceQuality "1"]
[TimeControl "40/5400+30:1800+30"]

1. e4 e5 2. Nc3 Nf6 3. Bc4 Nc6 4. d3 Na5 5. Bg5 Be7 {[%emt 0:03:30] LiveBook: 7 Games} 6. Nf3 d6 7. h3 Nxc4 8. dxc4 Be6 9. Qd3 Nd7 10. Be3 O-O 11. g4 a6 12. a4 $11 c6 13. a5 Qc7 14. Nd2 b5 15. axb6 Nxb6 16. O-O g6 17. f4 exf4 18. Bxf4 Nd7 19. Kg2 Ne5 20. Qe2 Rfd8 21. Ra4 Bf6 22. Qe3 Qe7 23. g5 Bg7 24. Qg3 Qb7 25. b3 Nd7 26. Bxd6 Nb6 27. e5 Nxa4 28. Nxa4 c5+ 29. Kh2 Bf5 30. Nxc5 Qc6 31. Nd3 a5 32. Nf3 Bxd3 33. cxd3 a4 34. bxa4 Rxa4 35. Rf2 Ra1 36. Qf4 Qb7 37. d4 Rda8 38. d5 R8a2 39. Rxa2 Rxa2+ 40. Kg3 Qb2 41. e6 Qf2+ 42. Kg4 Qg2+ 43. Kh4 Qf2+ 44. Kg4 Qg2+ 45. Kh4 Qf2+ 46. Kg4 1/2-1/2

[Event "TUR-chT Superleague 2018"]
[Site "Ankara"]
[Date "2018.07.29"]
[Round "5"]
[White "Zeydan, Salih"]
[Black "Karagollu, Ahmet"]
[Result "1/2-1/2"]
[ECO "B06"]
[WhiteElo "2061"]
[BlackElo "2127"]
[Annotator "NA"]
[PlyCount "77"]
[EventDate "2018.07.25"]
[EventType "team-tourn"]
[EventCountry "TUR"]
[SourceTitle "playchess.com"]
[Source "ChessBase"]
[SourceQuality "1"]
[TimeControl "40/5400+30:1800+30"]

1. e4 Nc6 2. Nf3 d6 3. d4 g6 4. h3 Bg7 5. Nc3 e5 6. Bg5 f6 7. Be3 Nge7 $16 8. Qd2 exd4 9. Nxd4 Nxd4 10. Bxd4 Be6 11. h4 Nc6 12. Bb5 h5 13. Be3 a6 14. Ba4 Qd7 15. Nd5 O-O 16. Nf4 Bf7 17. Rh3 Kh7 18. Rg3 b5 19. Bb3 Ne5 20. O-O-O a5 21. Bd4 Bh6 22. Kb1 a4 23. Bxf7 Qxf7 24. Be3 Nc4 25. Qd5 Nxe3 26. fxe3 Bxf4 27. exf4 Qxd5 28. Rxd5 Rfe8 29. f5 Rxe4 30. fxg6+ Kg7 31. a3 Rxh4 32. Rxb5 Rg4 33. Rh3 Kxg6 34. Rbxh5 Rxg2 35. Rh6+ Kf7 36. Rf3 Rg6 37. Rh7+ Rg7 38. Rh6 Rg6 39. Rh7+ 1/2-1/2

[Event "TUR-chT Superleague 2018"]
[Site "Ankara"]
[Date "2018.07.29"]
[Round "5"]
[White "Cansun, Can Alp"]
[Black "Yildirim, Ibrahim Halil"]
[Result "1-0"]
[ECO "C90"]
[WhiteElo "1894"]
[BlackElo "1887"]
[Annotator "NA"]
[PlyCount "77"]
[EventDate "2018.07.25"]
[EventType "team-tourn"]
[EventCountry "TUR"]
[SourceTitle "playchess.com"]
[Source "ChessBase"]
[SourceQuality "1"]
[TimeControl "40/5400+30:1800+30"]

1. e4 e5 2. Nf3 Nc6 3. Bb5 a6 4. Ba4 Nf6 5. O-O Be7 $11 {[%emt 0:00:00] LiveBook: 35940 Games} 6. Re1 b5 7. Bb3 O-O 8. d3 d6 9. c3 Na5 10. Bc2 c5 11. Nbd2 Re8 12. Nf1 h6 13. Ng3 Bf8 14. h3 g6 15. d4 Qc7 16. b3 Bb7 17. d5 Bc8 18. Nh2 Bg7 19. Be3 Nb7 20. Qd2 Kh7 21. f4 exf4 22. Bxf4 Nd7 23. Ng4 Qa5 24. e5 Nxe5 25. Nxh6 Bxh3 26. Ne4 Bd7 27. Ng5+ Kxh6 28. Qf2 Bg4 29. Qh4+ Bh5 30. g4 Nxg4 31. Nxf7+ Kh7 32. Qxh5+ Kg8 33. Qxg6 Rxe1+ 34. Rxe1 Qxc3 35. Rf1 Qf6 36. Qh7+ Kxf7 37. Bg5 Qxf1+ 38. Kxf1 Rf8 39. Bg6# 1-0

[Event "TUR-chT Superleague 2018"]
[Site "Ankara"]
[Date "2018.07.29"]
[Round "5"]
[White "Can, Isil"]
[Black "Aydin, Gulenay"]
[Result "0-1"]
[ECO "B75"]
[WhiteElo "1862"]
[BlackElo "1732"]
[Annotator "NA"]
[PlyCount "88"]
[EventDate "2018.07.25"]
[EventType "team-tourn"]
[EventCountry "TUR"]
[SourceTitle "playchess.com"]
[Source "ChessBase"]
[SourceQuality "1"]
[TimeControl "40/5400+30:1800+30"]

1. e4 c5 2. Nf3 d6 3. d4 cxd4 4. Nxd4 Nf6 5. Nc3 g6 6. Be3 Bg7 7. f3 a6 8. Qd2 h5 9. Be2 Nbd7 10. O-O O-O 11. Nd5 e5 12. Nb3 Nxd5 13. Qxd5 Nf6 14. Qd2 d5 15. Rfd1 Be6 16. Nc5 dxe4 17. fxe4 Qe7 18. Bf3 Bg4 19. Qf2 Bxf3 20. gxf3 Rfd8 21. Nd3 Rac8 22. Rd2 Bf8 23. Rad1 Qe6 24. b3 b5 25. Qg3 Re8 26. Kh1 Kh7 27. Nf2 Bb4 28. Nh3 Kg8 29. Rg2 Red8 30. Rdg1 Kf8 31. Bh6+ Ke8 32. Ng5 Qe7 33. Bg7 Bd2 34. Nxf7 Bf4 35. Qxg6 Qxf7 36. Bxf6 Qxg6 37. Rxg6 Rd2 38. Rg8+ Kf7 39. R8g7+ Ke6 40. R1g6 Rd1+ 41. Rg1 Rxg1+ 42. Kxg1 Kxf6 43. Ra7 Be3+ 44. Kf1 Bxa7 0-1

[Event "TUR-chT Superleague 2018"]
[Site "Ankara"]
[Date "2018.07.29"]
[Round "5"]
[White "Ozbek, Busra"]
[Black "Ayan, Bengu Sena"]
[Result "0-1"]
[ECO "D94"]
[WhiteElo "1848"]
[BlackElo "1787"]
[Annotator "NA"]
[PlyCount "76"]
[EventDate "2018.07.25"]
[EventType "team-tourn"]
[EventCountry "TUR"]
[SourceTitle "playchess.com"]
[Source "ChessBase"]
[SourceQuality "1"]
[TimeControl "40/5400+30:1800+30"]

1. d4 d5 2. Nf3 Nf6 3. e3 g6 4. c4 c6 5. Nc3 Bg7 6. Bd3 O-O 7. O-O Bg4 8. Qb3 Bxf3 9. Qxb7 Nbd7 10. gxf3 dxc4 11. Bxc4 Nb6 12. b3 Qd6 13. a4 Rfb8 14. Qa6 e5 15. Ba3 Qc7 16. dxe5 Qxe5 17. Rac1 Qg5+ 18. Kh1 Nxc4 19. Qxc4 Qh5 20. Bd6 Qxf3+ 21. Kg1 Re8 22. Ne2 Ne4 23. Rcd1 Rad8 24. Bc7 Rxd1 25. Rxd1 Nxf2 26. Nf4 Nxd1 27. Ng2 Nxe3 28. Nxe3 Qxe3+ 29. Kg2 Qd2+ 30. Kh3 Qd7+ 31. Qg4 Qxc7 32. b4 h5 33. Qf3 Qd7+ 34. Kg2 Qd2+ 35. Kh3 Re3 36. Qxe3 Qxe3+ 37. Kg2 Bd4 38. Kf1 Qf2# 0-1